Cogmind - Beta 16 @@@ ROGUE MODE // 2026.01.28 @ 03:51:17 Player: Rocket Result: Self-destructed Performance ------------- Evolutions (1) 500 Regions Visited (2) 400 Robots Destroyed (17) 85 Value Destroyed (291) 291 Prototype IDs (0) 0 Alien Tech Used (0) 0 Bonus (0) 0 TOTAL SCORE: 1276 Bonus ------- None Cogmind --------- Core Integrity 130/400 Matter 69/300 Energy 100/100 System Corruption 0% Temperature Cool (0) Movement Core (350) Ox6 Location -9/Materials Parts ------- > --- POWER (1) -------- (None) > --- PROPULSION (3) --- (None) > --- UTILITY (3) ------ Large Storage Unit > --- WEAPON (2) ------- (None) > --- INVENTORY (15) --- Core Shielding Core Shielding Peak State ------------ > --- POWER ------------ Ion Engine > --- PROPULSION ------- Light Treads Light Treads > --- UTILITY ---------- Improved Heat Sink Large Storage Unit > --- WEAPON ----------- Assault Rifle Assault Rifle > --- INVENTORY -------- Light Ion Engine Wheel Small Storage Unit Seismic Detector Grenade Launcher [Rating: 9] Favorites ----------- Power Ion Engine Engine Ion Engine Propulsion Light Treads Treads Light Treads Leg Aluminum Leg Wheel Wheel Utility Large Storage Unit Device Seismic Detector Storage Large Storage Unit Weapon Assault Rifle Ballistic Gun Assault Rifle Launcher Grenade Launcher Build | -11 -10 -9 ------- Run | Yrd Mat Mat Slots Evolved 2 | . . 2 Power . | . . . Propulsion 1 | . . 1 Utility 1 | . . 1 Weapon . | . . . Parts Attached 13 | 7 5 1 Power 2 | 2 . . Engine 2 | 2 . . Core . | . . . Reactor . | . . . Propulsion 4 | 1 3 . Treads 2 | . 2 . Leg 1 | 1 . . Wheel 1 | . 1 . Hover . | . . . Flight . | . . . Utility 4 | 2 2 . Device 2 | 1 1 . Storage 2 | 1 1 . Processor . | . . . Hackware . | . . . Protection . | . . . Artifact . | . . . Weapon 3 | 2 . 1 Energy Gun . | . . . Energy Cannon . | . . . Ballistic Gun 2 | 2 . . Ballistic Cannon . | . . . Launcher 1 | . . 1 Special Weapon . | . . . Impact Weapon . | . . . Slashing Weapon . | . . . Piercing Weapon . | . . . Special Melee Weapon . | . . . Unidentified Prototypes . | . . . Parts Lost 9 | . . 9 Power 2 | . . 2 Propulsion 3 | . . 3 Utility 1 | . . 1 Weapon 3 | . . 3 Highest Loss Streak 9 | . . 9 To Critical Strikes 1 | . . 1 Average Backups 4 | 2 4 4 Power . | . 1 . Propulsion 1 | 1 1 . Utility 1 | . 1 2 Weapon . | . . . Tool/Special . | . . . Unused Backups 2 | . . 2 Power . | . . . Propulsion . | . . . Utility 2 | . . 2 Weapon . | . . . Tool/Special . | . . . Average Slot Usage (%) 88 | . 96 55 Engine 12 | . 14 8 Treads 20 | . 22 9 Leg 2 | . 2 . Device 13 | . 14 9 Storage 13 | . 14 11 Ballistic Gun 24 | . 27 10 Peak Build Rating 9 | 6 9 9 Average Rating 6 | 3 7 6 On Entrance 5 | . 6 9 Avg Prop Armor Cover (%) 10 | . 10 . Naked Turns . | . . . Heaviest Build 31 | 15 30 31 Greatest Support 40 | 10 40 40 Greatest Overweight (x) 9 | 1 2 9 Average Overweight (x) . | . . 1 Largest Inventory Capacity 15 | 8 15 15 Average Capacity 13 | 7 14 15 Most Carried 6 | 4 6 6 Average Carried 4 | 2 4 4 Final Capacity 15 | 8 15 15 Final Carried 6 | 4 6 2 Class Distribution -------------------- 100% | Mutant Dominant Class ---------------- Mutant | -10/Materials Mutant | -9/Materials Resources | -11 -10 -9 ----------- Run | Yrd Mat Mat Matter Collected 414 | 89 314 11 Remotely . | . . . Salvage Created 566 | 143 355 68 Parts 35 | 6 25 4 Haulers Intercepted . | . . . Recyclers Shooed 1 | . 1 . Parts Field Recycled . | . . . Retrieved Matter . | . . . Parts Self-Destructed . | . . . Prevented . | . . . Parts Restored . | . . . Kills | -11 -10 -9 ------- Run | Yrd Mat Mat Combat Hostiles Destroyed 8 | . 5 3 Guns 5 | . 5 . AOE 3 | . . 3 Classes Destroyed 6 | 2 3 1 Builder 2 | . 2 . Tunneler 3 | 2 1 . Recycler 3 | 1 1 1 Watcher 1 | . 1 . Swarmer 3 | . . 3 Grunt 5 | . 5 . Best Kill Streak 4 | 2 4 3 Combat Bots Only 4 | . 4 2 Max Kills in Single Turn 1 | 1 1 1 Gunslinging . | . . . Exploded 1 | . . 1 Melee . | . . . Uniques/NPCs Destroyed . | . . . Combat | -11 -10 -9 -------- Run | Yrd Mat Mat Hostile Shots Fired 105 | . 27 78 Missed 27 | . 6 21 Hits 78 | . 21 57 Projectile 78 | . 21 57 Critical Strikes 3 | . 1 2 Damage Taken 1041 | . 283 758 Core 297 | . 27 270 Absorbed by Shields . | . . . Core Remaining (%) 94 | 100 89 . Volleys Fired 46 | 4 31 11 Largest 2 | 2 2 2 Hottest 50 | 40 40 50 Shots Fired 77 | 6 57 14 Gun 70 | 6 57 7 Cannon . | . . . Launcher 7 | . . 7 Special . | . . . Kinetic 70 | 6 57 7 Thermal . | . . . Explosive 7 | . . 7 Electromagnetic . | . . . Robot Hit Streak 10 | 2 10 6 Robot Miss Streak 2 | 2 2 2 Penetration Max . | . . . Secondary Targets . | . . . Shots Hit Robots 53 | 3 41 9 Core Hits 30 | 3 18 9 Critical Kills 1 | . 1 . Critical Parts Destroyed 1 | . 1 . Critical Strikes 2 | . 2 . Destroy 2 | . 2 . Melee Attacks . | . . . Impact . | . . . Slashing . | . . . Piercing . | . . . Sneak Attacks . | . . . Combat Hostiles . | . . . Follow-up Attacks . | . . . Damage Inflicted 869 | 53 525 291 Guns 609 | 53 525 31 Cannons . | . . . Explosions 260 | . . 260 Melee . | . . . Ramming . | . . . Kinetic 609 | 53 525 31 Thermal . | . . . Explosive 260 | . . 260 Electromagnetic . | . . . Impact . | . . . Slashing . | . . . Piercing . | . . . Highest Corruption . | . . . Average Corruption . | . . . Corruption Purged . | . . . Corruption Blocked . | . . . Overload Shots . | . . . Overflow Damage . | . . . Projectiles . | . . . Explosions . | . . . Melee . | . . . Knockbacks . | . . . Impact . | . . . Kinetic . | . . . Secondary . | . . . Self-Inflicted Damage 80 | . . 80 Shots 3 | . . 3 Rammed . | . . . Targets Rammed . | . . . Kicked . | . . . Crushed . | . . . Highest Temperature 20 | . 20 . Average Temperature 5 | . 5 . Received Heat Transfer 327 | . 171 156 Siege Activations . | . . . Martial Activations . | . . . Shielding Activations . | . . . Robots Disrupted . | . . . Combat Hostiles . | . . . Robots Corrupted . | . . . Combat Hostiles . | . . . Parts Fried . | . . . Impact Corruptions . | . . . Robots Melted . | . . . Combat Hostiles . | . . . Parts Melted . | . . . Heat Transferred . | . . . Parts Sabotaged . | . . . Parts Stolen . | . . . Parts Stripped . | . . . Power Chain Reactions . | . . . Alert | -11 -10 -9 ------- Run | Yrd Mat Mat Maximum Alert Level . | . . . Low Security (%) 100 | 100 100 100 Level 1 . | . . . Level 2 . | . . . Level 3 . | . . . Level 4 . | . . . Level 5 . | . . . High Security . | . . . Max Security . | . . . Peak Influence 113 | 5 113 78 Initial 13 | . . 13 Average 26 | 1 30 28 Influence Increases 306 | 15 180 111 Destroy 0b10 Robot/C 160 | . 100 60 Destroy 0b10 Robot/NC 45 | 15 25 5 Destroy Leader 42 | . 32 10 Successful Hack 7 | . 7 . Destroy Structure 37 | . 1 36 Lose Combat Pursuer 15 | . 15 . Influence Decreases 284 | 15 149 120 Entered New Map 18 | . . 18 Time Decay 204 | 15 149 40 Lost Part 62 | . . 62 Squads Dispatched 3 | . 2 1 Investigation 1 | . 1 . Extermination . | . . . Reinforcement 2 | . 1 1 Assault . | . . . Garrison . | . . . Intercept . | . . . Searches Triggered . | . . . Construction Impeded . | . . . Haulers Reinforced . | . . . Active Scanning Responses . | . . . Cargo Convoy Interrupts . | . . . Stealth | -11 -10 -9 --------- Run | Yrd Mat Mat Distress Signals . | . . . Communications Jammed . | . . . Distress Signals . | . . . Times Spotted 16 | . 9 7 Peak Tracking Total 5 | . 5 4 Tactical Retreats 1 | . 1 . Traps | -11 -10 -9 ------- Run | Yrd Mat Mat Traps Triggered 1 | . 1 . Indirectly . | . . . Trap Hack Attempts . | . . . Triggered . | . . . Disarmed . | . . . Reprogrammed . | . . . Reused . | . . . Traps Extracted . | . . . Installed . | . . . Triggered . | . . . Machines | -11 -10 -9 ---------- Run | Yrd Mat Mat Machines Disabled . | . . . Max in Single Turn . | . . . Machines Repaired . | . . . Machines Dismantled . | . . . Machines Sabotaged . | . . . Overloaded Fab Kills . | . . . Hacking | -11 -10 -9 --------- Run | Yrd Mat Mat Machines Accessed 3 | . 2 1 Terminals 3 | . 2 1 Fabricators . | . . . Repair Stations . | . . . Recycling Units . | . . . Scanalyzers . | . . . Garrison Access . | . . . Total Hacks 6 | . 5 1 Successful 1 | . 1 . Failed 5 | . 4 1 Catastrophic 3 | . 2 1 Database Lockouts . | . . . Manual 6 | . 5 1 Terminals 6 | . 5 1 Fabricators . | . . . Repair Stations . | . . . Recycling Units . | . . . Scanalyzers . | . . . Garrison Access . | . . . Terminal Hacks 1 | . 1 . Part Schematic 1 | . 1 . Fabricator Hacks . | . . . Repair Station Hacks . | . . . Recycling Unit Hacks . | . . . Scanalyzer . | . . . Garrison Access Hacks . | . . . Unauthorized Hacks . | . . . Terminals . | . . . Fabricators . | . . . Repair Stations . | . . . Recycling Units . | . . . Scanalyzers . | . . . Garrison Access . | . . . Data Cores Recovered . | . . . Used . | . . . Hacking Detections 3 | . 2 1 Full Trace Events 1 | . 1 . Feedback Events . | . . . Feedback Blocked . | . . . Robot Schematics Acquired . | . . . Robots Built . | . . . Authchips . | . . . Time . | . . . Total Robot Build Rating . | . . . Part Schematics Acquired 1 | . 1 . Parts Built . | . . . Authchips . | . . . Time . | . . . Total Part Build Rating . | . . . Part Studies Acquired . | . . . Parts Repaired . | . . . Time . | . . . Parts Recycled . | . . . Recycled Matter . | . . . Retrieved Matter . | . . . Retrieved Components . | . . . Parts Scanalyzed . | . . . Part Schematics Acquired . | . . . Parts Damaged . | . . . Bothacking | -11 -10 -9 ------------ Run | Yrd Mat Mat Used RIF Installer . | . . . Robots Hacked . | . . . Non-combat . | . . . Combat . | . . . Robot Hacks Applied . | . . . Relay Couplers Released . | . . . Fabnet Peak Effective % . | . . . Robots Rewired . | . . . Allies Hacked . | . . . Hacks Repelled . | . . . Allies | -11 -10 -9 -------- Run | Yrd Mat Mat Total Allies . | . . . Largest Group . | . . . Highest-Rated Group . | . . . Highest-Rated Ally . | . . . Total Orders . | . . . Ally Attacks . | . . . Total Damage . | . . . Kills . | . . . Allies Corrupted . | . . . Allies Melted . | . . . Intel | -11 -10 -9 ------- Run | Yrd Mat Mat Active Infowar (turns) 402 | 13 389 . Seismic 402 | 13 389 . Robot Analysis Total . | . . . Derelict Logs Recovered . | . . . Drone Launches . | . . . Drone Recoveries . | . . . Exploration | -11 -10 -9 ------------- Run | Yrd Mat Mat Turns Passed 771 | 93 563 115 Spaces Moved 364 | 46 267 51 Core 6 | 2 . 4 Treads 249 | . 226 23 Legs 85 | 44 41 . Wheels 24 | . . 24 Hover . | . . . Flight . | . . . Fastest Speed 50 | 50 160 110 Average Speed 164 | 153 166 160 Slowest Speed 500 | 190 260 500 Overloaded Moves . | . . . Propulsion Burnouts . | . . . Robots Hopped . | . . . Potential Cave-ins . | . . . Cave-ins Triggered . | . . . Exploration Rate (%) 18 | 4 43 9 Regions Visited 2 Branch Regions . Pre-discovered Areas . | . . . Known Exits Taken . | . . . Unknown Exits Taken 2 | 1 1 . Scrap Searched . | . . . Spaces Dug . | . . . Terrain Destroyed 42 | . . 42 Melee . | . . . Projectile . | . . . AOE 42 | . . 42 Terrain Rammed . | . . . Walls Destroyed . | . . . Machines Disabled . | . . . Actions | -11 -10 -9 --------- Run | Yrd Mat Mat Total 456 | 59 328 69 Wait 15 | . 15 . Move 362 | 45 266 51 Hop . | . . . Pick Up 8 | 3 5 . Fast Attach 9 | 6 3 . Attach 7 | . 3 4 Detach . | . . . Swap 5 | 1 2 2 Drop 4 | . 3 1 Fire 46 | 4 31 11 Melee . | . . . Ram . | . . . Kick . | . . . Crush . | . . . Escape Stasis . | . . . Rewire . | . . . Trap . | . . . Miscellaneous . | . . . Route ------- -11/Scrapyard -10/Materials (discovered 2 exits: *Mat / [*Sub]) -9/Materials History --------- Turn | Location | Event 20 | -11/Scrapyard | Discovered new exit (range 15) 94 | -11/Scrapyard | Entered Materials 284 | -10/Materials | Discovered new exit (range 13) 306 | -10/Materials | Build established: Mutant 572 | -10/Materials | Discovered new exit (range 3) 657 | -10/Materials | Entered another Materials area 657 | -9/Materials | Evolved 2 slots: Propulsion x1, Utility x1 741 | -9/Materials | Core integrity fell below 50% 772 | -9/Materials | Self-destructed Last Messages --------------- 00713_ Ion Engine destroyed. 00713_ Critical hit (Burn: +37). 00716_ Assault Rifle destroyed. 00718_ S-10 Pest destroyed. 00726_ Acquired 11 matter. 00732_ R-06 Scavenger destroyed. 00737_ Grenade Launcher destroyed. 00738_ The unstable cave ceiling collapses. 00741_ Dropped Sml. Storage Unit. 00742_ K-01 Serf collects debris. 00747_ The unstable cave ceiling collapses. 00747_ K-01 Serf collects debris. 00749_ The unstable cave ceiling collapses. 00752_ Material Compactor disabled. 00758_ K-01 Serf collects debris. 00759_ Imp. Heat Sink destroyed. 00761_ K-01 Serf collects debris. 00764_ R-06 Scavenger collects Flight Unit. 00767_ Wheel destroyed. 00770_ Lgt. Ion Engine destroyed. Map ----- +----------------------------------------------------+ | ?????????????????????????????????????????????????? | | ?????????????????????????????????????????????????? | | ?????????????????????????????????????????????????? | | ?????????????????????????????????????????????????? | | ?????????????????????????????????????????????????? | | ?????????????????????????????????????????????????? | | ??????????????????????????????#+?????????????????? | | ??????????????????????????????# ?????????????????? | | ?????????????????????????????## ###??????????????? | | ?????????????????????????????? #??????????????? | | ?????????????????????????????? ###??###???????? | | ?????????????????????????????? # ? #??????? | | ??????????????????????????????# # "" #??????? | | ??????????????????????????????# # "T #??????? | | ??????????????????????????????# # "" ##?????? | | ??????????????????????????????# # ??????? | | ????????????????????????#####?# # """ #??????? | | ???????????????????????? # # """"" #??????? | | ????????????????????????? """ # # """"" #??????? | | ????????????????????????? """ / + """"" #??????? | | ????????????????????????? """ # # " " #??????? | | ??????????????????????????????# # ##???### | | ?????????????????????????????## ###### ##### # | | ??????????????????????########g ##### # | | ??????????????????????# g Y | | ??????????????????????# @ | | ????????????????? % | | ????????????????########o##### ###"## | | ?????????????????????? ????####### # # | | ????????????????????# ""??????????# # ## | | ????????????????????# ""??????????#"" # # | | ????????????????????# "???????????#"T ######## | | ????????????????????# ????????????"" #??????# | | ????????????????????# "???????????? #??????# | | ????????????????????# ??????????????######???????# | | ?????????????????????????????????????????????????? | | ?????????????????????????????????????????????????? | | ?????????????????????????????????????????????????? | | ?????????????????????????????????????????????????? | | | | | | | | | | | | | | | | | | | | | | | +----------------------------------------------------+ Best States ------------- Heat Dissipation 42 Energy Generation 10 Energy Capacity 250 Matter Stores 209 Matter Capacity 300 Sight Range 16 Terrain Scan Density 10 Evasion (%) 55 Recoil Reduction 2 Item Schematics ----------------- Cargo Storage Unit | -10/Materials | Hacked Robot Schematics ------------------ None Fabricated ------------ Nothing Repaired ---------- Nothing Studied --------- None Alien Tech Used ----------------- None Achievements -------------- None Challenges ------------ None Game ------ Seed RingMicroScrapsphere Manual? 0 Play Time 00:04:41 Cumulative 79.0 hours Start 2026.01.28 @ 03:25:16 End 2026.01.28 @ 03:51:17 Sessions 3 Manual Loads 0 Difficulty Rogue Special Mode None Game No. 117 Rogue 117 Adventurer 0 Explorer 0 Win Type - Total 0 Types 0/0/0/0/0/0/0/0/0/0 Lore% 17 Gallery% 35 Achievement% 26 Wizard Run 0 Options --------- Layout 1 ASCII 0 Keyboard 0 Movement Mouse Keybinds 0 Fullscreen 2 Font 24/Smallcaps Map View 50x35 Zoom Use 48% Tactical HUD 1 Map Filters NONE Filters NONE Steam 1 RUN: 6ea0dced-f6bd-4626-90f4-b26163278cb9